 Dungeon Crawl Stone Soup version 0.23.0 (webtiles) character file.

Game seed: 15009133145861181814

57 Gargoyl the Skirmisher (level 3, -2/31 HPs)
             Began as a Centaur Abyssal Knight on Feb 9, 2019.
             Was a Follower of Lugonu.
             Slain by a gnoll
             ... wielding a +0 halberd
              (4 damage)
             ... on level 2 of the Dungeon.
             The game lasted 00:02:57 (1587 turns).

Gargoyl the Skirmisher (Centaur Abyssal Knight)     Turns: 1587, Time: 00:02:58

Health: -2/31      AC:  9    Str: 14    XL:     3   Next: 73%
Magic:  4/4        EV:  4    Int: 11    God:    Lugonu [*.....]
Gold:   103        SH:  0    Dex:  9    Spells: 2/2 levels left

rFire    . . .     SeeInvis .   a - +2 hand axe
rCold    . . .     Gourm    .   (no shield)
rNeg     . . .     Faith    .   i - +1 chain mail
rPois    .         Spirit   .   h - +0 helmet
rElec    .         Reflect  .   (no cloak)
rCorr    .         Harm     .   (no gloves)
MR       .....                  (no barding)
Stlth    ..........             (no amulet)
HPRegen  0.10/turn              (no ring)
MPRegen  0.09/turn              (no ring)

@: very quick
A: large, hooves 3, deformed body, speed 2, tough skin 3
a: Depart the Abyss, Renounce Religion


You were on level 2 of the Dungeon.
You worshipped Lugonu.
Lugonu was aware of your devotion.
You were not hungry.

You visited 1 branch of the dungeon, and saw 2 of its levels.
You visited the Abyss 1 time.

You collected 103 gold pieces.

Inventory:

Hand Weapons
 a - a +2 hand axe (weapon)
Armour
 h - a +0 helmet (worn)
 i - a +1 chain mail (worn)
Scrolls
 f - a scroll of remove curse
 g - a scroll of teleportation
Potions
 b - a potion of magic {unknown}
 d - 2 potions of haste
 e - a potion of might {unknown}
Comestibles
 c - 4 rations


   Skills:
 + Level 3.5 Fighting
 + Level 2.4 Axes
 * Level 1.9 Armour
 * Level 1.1 Dodging
 * Level 2.3 Invocations


You had 2 spell levels left.
You didn't know any spells.
Your spell library was empty.

Dungeon Overview and Level Annotations

Branches:
Dungeon (2/15)

Altars:


Innate Abilities, Weirdness & Mutations

You have hooves in place of feet.
Armour fits poorly on your strangely shaped body.
You cover ground very quickly.
You have extremely tough skin. (AC +3)


Message History

You hit the gnoll.
The gnoll is lightly wounded.
The gnoll hits you but does no damage.
Your chain mail prevents you from hitting the gnoll.
The gnoll is lightly wounded.
The gnoll hits you with a +0 flail. The gnoll hits you but does no damage.
The gnoll hits you from afar with a +0 halberd.
* * * LOW HITPOINT WARNING * * *
The gnoll hits you from afar with a +0 spear.
* * * LOW HITPOINT WARNING * * *
The gnoll throws a throwing net.
The throwing net hits you.
You become entangled in the net!
You see here a throwing net.
You struggle against the net.
You struggle against the net.
The gnoll hits you but does no damage.
You tear a large gash into the net.
The gnoll hits you with a +0 flail.
* * * LOW HITPOINT WARNING * * *
You rip the net and break free!
The gnoll hits you from afar with a +0 halberd.
You die...

#.##.# #.#####)###
#.##.###.# #.#..
#.#......# #....
#######.#..###########.#
........................
...####.#.[.#######.#...
#..#...# #...#...
#..#g..#####...#...
#.@ggg#.g..........
#..####gg.....##.#† #..#
#.......##.#. #†.#
+..........#)
#..#.##.......####.
#<...##.......# ##
###.<##..<....# #
.........#### #
#........# #


You could see 4 gnolls.

Vanquished Creatures
  Robin (D:2)
  A dart slug (D:2)
  2 ball pythons (D:1)
  11 goblins
  12 hobgoblins
  A quokka (D:2)
  5 bats
  3 kobolds
  5 rats
41 creatures vanquished.

Vanquished Creatures (others)
  A lurking horror (Abyss:1)
1 creature vanquished.

Grand Total: 42 creatures vanquished

Notes
Turn   | Place    | Note
-------+----------+-------------------------------------------
     0 | Abyss:1  | Gargoyl the Centaur Abyssal Knight began the quest for the
                  | Orb.
     0 | Abyss:1  | Reached XP level 1. HP: 19/19 MP: 2/2
    93 | Abyss:1  | Found a corrupted altar of Lugonu.
   178 | Abyss:1  | Noticed a tentacled starspawn
   244 | Abyss:1  | Noticed a flying skull
   259 | D:1      | Escaped the Abyss
   623 | D:1      | Reached XP level 2. HP: 23/26 MP: 3/3
   739 | D:1      | Reached * piety under Lugonu
  1176 | D:2      | Reached skill level 1 in Dodging
  1209 | D:2      | Noticed Robin
  1210 | D:2      | Reached XP level 3. HP: 22/31 MP: 4/4
  1231 | D:2      | Killed Robin
  1587 | D:2      | Slain by a gnoll

Skill      XL: |  1  2 |
---------------+-------+-----
Dodging        | 1 |  1.1
Axes           | 2 |  2.4
Fighting       | |  3.5
Armour         | |  1.9
Invocations    | |  2.3

Action                   || total
-------------------------++-------
Melee: Hand axe          ||   103
       Kick              ||     6
Invok: Depart the Abyss  ||     1
  Use: Scroll            ||     6
       Potion            ||     1
  Eat: Chunk             ||     1
Armor: Leather armour    ||    18
       Chain mail        ||    72
Dodge: Dodged            ||    55
